 Dungeon Crawl Stone Soup version 0.22-a0-469-gf26638a (webtiles) character file.

413 galech the Skirmisher (level 6, -1/67 HPs)
             Began as an Ogre Berserker on June 11, 2018.
             Was a Believer of Trog.
             Slain by an adder (3 damage)
             ... on level 4 of the Dungeon.
             The game lasted 00:04:58 (2763 turns).

galech the Skirmisher (Ogre Berserker)              Turns: 2763, Time: 00:05:00

Health: -1/67      AC:  3    Str: 24    XL:     6   Next: 90%
Magic:  6/6        EV: 11    Int:  8    God:    Trog [**....]
Gold:   92         SH:  0    Dex:  8    Spells: 5/5 levels left

rFire    . . .     SeeInvis .   a - +0 mace
rCold    . . .     Gourm    .   (no shield)
rNeg     . . .     Faith    .   b - +0 animal skin
rPois    .         Spirit   .   (helmet restricted)
rElec    .         Reflect  .   (no cloak)
rCorr    .         Harm     .   (gloves unavailable)
MR       .....                  (boots unavailable)
Stlth    +.........             (no amulet)
HPRegen  0.21/turn              (no ring)
MPRegen  0.10/turn              (no ring)

@: berserk cooldown, slowed, very slow
A: large, unfitting armour, tough skin 1
a: Berserk, Trog's Hand, Renounce Religion


You were on level 4 of the Dungeon.
You worshipped Trog.
Trog was pleased with you.
You were hungry.

You visited 1 branch of the dungeon, and saw 6 of its levels.

You collected 92 gold pieces.

Inventory:

Hand Weapons
 a - a +0 mace (weapon)
Armour
 b - a +0 animal skin (worn)
Wands
 o - a wand of polymorph (10)
Scrolls
 e - a scroll of magic mapping {unknown}
 f - a scroll of amnesia {unknown}
 g - a scroll of teleportation {unknown}
 i - a scroll of fog {unknown}
 k - 3 scrolls of identify {unknown}
 p - a scroll of enchant armour {unknown}
 q - 2 scrolls of remove curse {unknown}
Potions
 d - a potion of cancellation {unknown}
 h - 3 potions of brilliance {unknown}
 j - 2 potions of curing {unknown}
 l - 3 potions of heal wounds {unknown}
 m - a potion of berserk rage {unknown}
 n - 2 potions of ambrosia {unknown}
 r - a potion of might {unknown}
 s - a potion of resistance {unknown}
Comestibles
 c - 3 rations


   Skills:
 + Level 5.9 Fighting
 + Level 5.0 Maces & Flails
 + Level 4.0 Dodging
 + Level 1.2 Stealth


You had 5 spell levels left.
You didn't know any spells.
Your spell library was empty.

Dungeon Overview and Level Annotations

Branches:
Dungeon (6/15)
 Temple: D:4-7

Altars:
Ashenzari
Nemelex Xobeh

Annotations:
D:5 Ijyb


Innate Abilities, Weirdness & Mutations

You are too large for most types of armour.
You have tough skin. (AC +1)


Message History

The hound barks!
You feel a strong urge to attack something.
You are no longer berserk.
You are exhausted.
You feel yourself slow down.
Found a chain mail.
Ijyb the Twisted Goblin comes into view.
She is wielding a dagger.
Ijyb shouts!
The hound pauses to sniff the ground.
The hound barely misses you. The hound bites you.
* * * LOW HITPOINT WARNING * * *
An ogre comes into view. It is wielding a giant club.
There is a stone staircase leading up here.
The hound bites you but does no damage. x2
You climb upwards.
An adder comes into view.
Found 11 gold pieces.
There is a stone staircase leading down here.
The adder bites you.
You die...

#
####.####
#Sh.....#
#@##.##.#
#.# ..
..# ..#
##.# .#
#$. # #.#
... #.#


You could see a hound and an adder.

Vanquished Creatures
  Menkaure (D:5)
  A black bear (D:6)
  A crimson imp (D:5)
  An orc wizard (D:3)
  A worker ant (D:6)
  6 adders
  An adder skeleton (D:3)
  A worm (D:3)
  A dart slug (D:1)
  2 leopard geckos
  3 orcs (D:3)
  2 giant cockroaches
  5 goblins
  6 hobgoblins
  7 jackals
  8 kobolds
  A ball python (D:1)
  6 bats
  4 frilled lizards
  3 rats (D:1)
61 creatures vanquished.

Notes
Turn   | Place    | Note
-------+----------+-------------------------------------------
     0 | D:1      | galech the Ogre Berserker began the quest for the Orb.
     0 | D:1      | Reached XP level 1. HP: 24/24 MP: 1/1
    64 | D:1      | Reached XP level 2. HP: 18/32 MP: 2/2
   553 | D:1      | Reached XP level 3. HP: 40/40 MP: 3/3
   892 | D:2      | Reached ** piety under Trog
  1308 | D:2      | Reached XP level 4. HP: 46/49 MP: 4/4
  2051 | D:2      | Found a shattered altar of Ashenzari.
  2180 | D:3      | Reached skill level 5 in Fighting
  2239 | D:3      | Reached XP level 5. HP: 34/57 MP: 5/5
  2434 | D:3      | Found a sparkling altar of Nemelex Xobeh.
  2486 | D:3      | You fall through a shaft for 3 floors!
  2682 | D:6      | Noticed a black bear
  2693 | D:6      | Killed a black bear
  2693 | D:6      | Reached skill level 1 in Stealth
  2693 | D:6      | Reached XP level 6. HP: 66/66 MP: 6/6
  2739 | D:5      | Entered Level 5 of the Dungeon
  2742 | D:5      | Noticed Menkaure
  2755 | D:5      | Killed Menkaure
  2755 | D:5      | HP: 3/100 [crimson imp (4)]
  2756 | D:5      | Reached skill level 5 in Maces & Flails
  2759 | D:5      | Noticed Ijyb
  2760 | D:5      | HP: 1/67 [hound (2)]
  2763 | D:4      | Slain by an adder

Vault maps used:
D:1:      dpeg_arrival_houses_and_road
D:2:      nicolae_overflow_hidden_temple
D:3:      lemuel_doored_altar, nicolae_qazlal_style_of_elements, first_ration
D:4:      temple_fountains, xom_teletrap_fun
D:5:      kennysheep_mini_moat, sigmund_army, uniq_eustachio, uniq_menkaure,
          uniq_ijyb
D:6:      kennysheep_little_box, old_standard_altar, uniq_grinder

Skill      XL: |  1  2  3  4  5  6 |
---------------+-------------------+-----
Maces & Flails | 3 4 5 |  5.0
Dodging        | 3 4 |  4.0
Fighting       | 5 |  5.9
Stealth        | 1 |  1.2

Action                   |  1- 3 |  4- 6 || total
-------------------------+-------+-------++-------
Melee: Mace              |   101 |   113 ||   214
Invok: Berserk           |       |     3 ||     3
       Trog's Hand       |       |     2 ||     2
  Eat: Chunk             |     1 |     8 ||     9
Armor: Animal skin       |    52 |    32 ||    84
Dodge: Dodged            |    77 |    53 ||   130

Table legend:
 A = Spawn XP
 B = Non-spawn XP
 C = Spawn XP percentage of total XP
 D = Spawn monster count
 E = Non-spawn monster count
 F = Spawn count percentage of total count
 G = Total turns spent on level
                    A         B        C        D         E        F      G
               +---------+---------+-------+---------+---------+-------+---------
         Total |       0 |     590 |   0.0 |       0 |      61 |   0.0 |  2763
               +---------+---------+-------+---------+---------+-------+---------
           D:1 |       0 |      44 |   0.0 |       0 |      25 |   0.0 |   863
           D:2 |       0 |      67 |   0.0 |       0 |      18 |   0.0 |  1287
           D:3 |       0 |      93 |   0.0 |       0 |      13 |   0.0 |   336
           D:5 |       0 |     204 |   0.0 |       0 |       2 |   0.0 |    23
           D:6 |       0 |     182 |   0.0 |       0 |       3 |   0.0 |   253
               +---------+---------+-------+---------+---------+-------+---------
